 Dungeon Crawl Stone Soup version 0.19.0-11-g3fc08b3 (webtiles) character file.

1495 MDvedh the Geomancer (level 8, -4/45 HPs)
             Began as a Deep Elf Earth Elementalist on Nov 8, 2016.
             Was an Initiate of Ashenzari.
             Slain by a hill giant
             ... wielding a +0 giant club
              (46 damage)
             ... on level 7 of the Dungeon.
             The game lasted 00:13:08 (6897 turns).

MDvedh the Geomancer (Deep Elf Earth Elementalist)  Turns: 6897, Time: 00:13:08

Health: -4/45      AC:  4    Str:  5    XL:     8   Next: 51%
Magic:  1/18       EV: 14    Int: 23    God:    Ashenzari [......]
Gold:   241        SH:  0    Dex: 15    Spells: 3 memorised, 8 levels left

rFire  . . .     SeeInvis +     x - +1 short sword (speed)
rCold  . . .     Gourm    .     c - +0 robe
rNeg   . . .     Faith    .     (no shield)
rPois  .         Spirit   .     h - +0 helmet
rElec  .         Reflect  .     i - +0 cloak
rCorr  +         Harm     .     (no gloves)
MR     .....                    (no boots)
Stlth  ++........               j - amulet of magic regeneration (curse)
                                v - ring of see invisible
                                q - ring of resist corrosion

@: very slightly contaminated
A: no striking features
a: Curse Item, Renounce Religion


You were on level 7 of the Dungeon.
You worshipped Ashenzari.
Ashenzari was noncommittal.
You were very hungry.

You visited 2 branches of the dungeon, and saw 7 of its levels.
You also visited: Ossuary.

You collected 241 gold pieces.

Inventory:

Hand Weapons
 x - a +1 short sword of speed (weapon)
Missiles
 b - 172 stones (quivered)
Armour
 c - a +0 robe (worn)
 h - a +0 helmet (worn)
 i - a +0 cloak (worn)
Jewellery
 j - a cursed amulet of magic regeneration (around neck)
 p - an uncursed amulet of regeneration
 q - a ring of resist corrosion (left hand)
 v - a ring of see invisible (right hand)
Scrolls
 a - a scroll of fog {unknown}
 f - 2 scrolls of teleportation
 m - 2 scrolls of fear
 n - a scroll of remove curse
 y - a scroll of amnesia
 z - 2 scrolls of recharging
 C - a scroll of identify
Potions
 g - 2 potions of haste
 k - a potion of mutation {unknown}
 l - a potion of berserk rage {unknown}
 o - a potion of cancellation {unknown}
 r - a potion of lignification {unknown}
 s - 2 potions of degeneration {unknown}
 u - 2 potions of heal wounds
 A - a potion of magic {unknown}
Books
 e - a book of Geomancy

   Spells                             Type                      Level
   a - Sandblast                      Earth                        1
   b - Passwall                       Transmutation/Earth          2
   c - Stone Arrow                    Conjuration/Earth            3
   d - Petrify                        Transmutation/Earth          4
   e - Lee's Rapid Deconstruction     Earth                        5
 B - a book of Enchantments

   Spells                             Type                      Level
   a - Cause Fear                     Hexes                        4
   b - Yara's Violent Unravelling     Hexes/Transmutation          5
   c - Silence                        Hexes/Air                    5
   d - Deflect Missiles               Charms/Air                   6
   e - Discord                        Hexes                        8
Comestibles
 t - 2 meat rations
 w - 5 fruits


   Skills:
 + Level 2.3 Fighting
 + Level 4.1 Dodging
 - Level 2.4 Stealth
 + Level 5.4 Spellcasting
 * Level 6.5 Conjurations
   Level 1.1 Transmutations
 * Level 8.1 Earth Magic


You had 8 spell levels left.
You knew the following spells:

 Your Spells              Type           Power        Failure   Level  Hunger
a - Sandblast             Erth           #####.       1%          1    None
b - Lee's Rapid Deconstr  Erth           #####.....   10%         5    #####..
f - Stone Arrow           Conj/Erth      #####.       1%          3    ##.....


Dungeon Overview and Level Annotations

Branches:
Dungeon (7/15)             Temple (1/1) D:6

Altars:
Ashenzari
Cheibriados
Dithmenos
Gozag
Hepliaklqana
Kikubaaqudgha
Nemelex Xobeh
Okawaru
Qazlal
Ru
Sif Muna
Trog
Uskayaw
Vehumet
Xom
Yredelemnul
Zin
The Shining One

Annotations:
D:4 Menkaure


Message History

The stone arrow hits the hill giant.
The hill giant is heavily wounded.
Casting: Stone Arrow
Confirm with . or Enter, or press ? or * to list all spells.
Aiming: Stone Arrow
Press: ? - help, Shift-Dir - straight line, f/p - hill giant
Aim: a hill giant, wielding a giant club (heavily wounded)
The stone arrow hits the hill giant.
The hill giant is almost dead.
The hill giant hits you with a giant club.
Casting: Stone Arrow
Confirm with . or Enter, or press ? or * to list all spells.
Aiming: Stone Arrow
Press: ? - help, Shift-Dir - straight line, f/p - hill giant
Aim: a hill giant, wielding a giant club (severely wounded)
The stone arrow hits the hill giant.
The hill giant is almost dead.
The hill giant hits you with a giant club!!!
Ouch! That really hurt!
You die...

#.#### .........## .#.#.#
........## .##..# ........#
#.#### ........## ##.##
..######.## ## ###.## # ####
##.## #... ..##.# ###..##
##.###..... .#.#.# #...C.##
##........... ###.##
###...#@.####...........
#.#######.##..##...#............
##.........###..##...###.........
.....###...# ##..##### #.........
###..####..## ##..## #......... #
##......<.####...## #......... #
####...#.........## #......... ##
##.####....#...###......... .##
#.# ##...####.........$..


You could see a hill giant.

Vanquished Creatures
  3 ice beasts (D:6)
  2 centaurs
  3 bullfrogs (D:6)
  2 wyvern skeletons (D:6)
  5 howler monkeys
  A crimson imp (D:7)
  A hound (D:7)
  4 orc wizards
  A centaur skeleton (D:4)
  An orc priest (D:3)
  A jelly (D:6)
  3 worker ants
  A howler monkey skeleton (D:6)
  5 adders
  4 gnolls (D:7)
  3 oozes
  An adder skeleton (D:4)
  2 worms (D:2)
  4 dart slugs
  3 leopard geckos
  21 orcs
  5 giant cockroaches
  8 goblins
  7 hobgoblins
  13 jackals
  3 quokkas
  7 bats
  3 frilled lizards (D:3)
  9 kobolds
  A leopard gecko skeleton (D:7)
  8 rats
135 creatures vanquished.

Vanquished Creatures (others)
  7 toadstools (D:1)
7 creatures vanquished.

Grand Total: 142 creatures vanquished

Notes
Turn   | Place    | Note
-------+----------+-------------------------------------------
     0 | D:1      | MDvedh the Deep Elf Earth Elementalist began the quest for the Orb.
     0 | D:1      | Reached XP level 1. HP: 10/10 MP: 6/6
   175 | D:1      | Reached XP level 2. HP: 10/15 MP: 1/8
   508 | D:1      | Reached skill level 4 in Earth Magic
   865 | D:2      | Reached XP level 3. HP: 15/19 MP: 7/10
   893 | D:2      | Learned a level 3 spell: Stone Arrow
  1206 | D:2      | Found an ancient bone altar of Kikubaaqudgha.
  1554 | D:2      | Reached XP level 4. HP: 16/24 MP: 8/12
  1568 | D:2      | Found a bloodstained altar of Trog.
  1827 | D:2      | Reached skill level 5 in Earth Magic
  2255 | D:3      | Reached skill level 1 in Conjurations
  2555 | D:2      | Reached XP level 5. HP: 18/28 MP: 7/13
  3314 | D:3      | Found a snail-covered altar of Cheibriados.
  3541 | D:4      | Reached XP level 6. HP: 32/32 MP: 10/14
  3661 | D:4      | Found a sand-covered staircase.
  3677 | Ossuary  | Entered an ossuary
  3951 | D:4      | Noticed Menkaure
  3965 | D:4      | Reached skill level 6 in Earth Magic
  4371 | D:4      | You fall through a shaft for 3 floors!
  4518 | D:6      | Found a sparkling altar of Nemelex Xobeh.
  4686 | D:6      | Reached XP level 7. HP: 22/37 MP: 11/15
  4827 | D:6      | Reached skill level 1 in Fighting
  4827 | D:6      | Reached skill level 5 in Conjurations
  4898 | D:6      | Found a hazy altar of Hepliaklqana.
  5002 | D:6      | Found a staircase to the Ecumenical Temple.
  5010 | Temple   | Entered the Ecumenical Temple
  5016 | Temple   | Became a worshipper of Ashenzari the Shackled
  5268 | D:6      | Reached skill level 7 in Earth Magic
  5451 | D:6      | Reached skill level 5 in Spellcasting
  5451 | D:6      | Reached XP level 8. HP: 8/43 MP: 1/17
  6302 | D:7      | Learned a level 5 spell: Lee's Rapid Deconstruction
  6480 | D:7      | Reached skill level 8 in Earth Magic
  6809 | D:7      | Found a shimmering altar of Xom.
  6854 | D:7      | Noticed a hill giant
  6897 | D:7      | Slain by a hill giant

Skill      XL: |  1  2  3  4  5  6  7  8 |
---------------+-------------------------+-----
Earth Magic    | 4 5 6 7 8 |  8.1
Spellcasting   | 4 5 |  5.4
Conjurations   | 1 3 4 5 6 |  6.5
Fighting       | 1 2 |  2.3
Dodging        | 3 4 |  4.1
Stealth        | |  2.4
Transmutations | |  1.1

Action                   |  1- 3 |  4- 6 |  7- 9 || total
-------------------------+-------+-------+-------++-------
Melee: Short sword       |    78 |   192 |   104 ||   374
Throw: Stone             |       |     2 |     2 ||     4
 Cast: Sandblast         |    33 |    44 |     4 ||    81
       Stone Arrow       |     3 |    39 |    50 ||    92
       Lee's Rapid Decon |       |       |     1 ||     1
Invok: Curse Item        |       |       |     1 ||     1
  Use: Scroll            |       |     7 |       ||     7
 Stab: Sleeping          |     4 |     3 |       ||     7
       Distracted        |       |     1 |       ||     1
  Eat: Chunk             |     2 |     3 |     3 ||     8
       Meat ration       |       |     1 |       ||     1
       Fruit             |       |     1 |       ||     1
       Bread ration      |       |     1 |     1 ||     2
Armor: Robe              |    23 |    59 |    23 ||   105
Dodge: Dodged            |    66 |   170 |    76 ||   312
